 Dungeon Crawl Stone Soup version 0.27.1-37-g7b29ead8ac (webtiles) character file.

Game seed: 16927175271395430120

308 tkbsonic5 the Magician (level 6, -7/35 HPs)
             Began as a Tengu Hedge Wizard on Oct 30, 2023.
             Was an Initiate of Gozag.
             Mangled by a gnoll sergeant (12 damage)
             ... on level 5 of the Dungeon.
             The game lasted 00:17:10 (5200 turns).

tkbsonic5 the Magician (Tengu Hedge Wizard)         Turns: 5200, Time: 00:17:10

Health: -7/35      AC:  4    Str: 10    XL:     6   Next: 40%
Magic:  3/12       EV: 14    Int: 17    God:    Gozag
Gold:   377        SH:  0    Dex: 13    Spells: 2/11 levels left

rFire    . . .     SeeInvis .   r - +1 short sword (venom)
rCold    . . .     Faith    .   (no shield)
rNeg     . . .     Spirit   .   o - +0 leather armour
rPois    .         Reflect  .   c - +1 hat
rElec    .         Harm     .   p - scarf {repulsion}
rCorr    +         Rampage  .   (no gloves)
Will     .....                  (boots unavailable)
Stlth    ++........             (no amulet)
HPRegen  0.11/turn              q - ring of resist corrosion
MPRegen  0.13/turn              (no ring)

@: gold aura, flying quickly and evasively, repel missiles, quick
A: beak, talons 3, nimble flight
a: Renounce Religion, Potion Petition, Call Merchant, Bribe Branch


You were on level 5 of the Dungeon.
You worshipped Gozag.
Gozag was aware of your devotion.
You visited 1 branch of the dungeon, and saw 5 of its levels.

You collected 545 gold pieces.
You spent 168 gold pieces at shops.

Inventory:

Hand Weapons
 e - a +1 short sword {pearlescent dagger}
 i - a +0 whip
 j - a +0 fustibalus
 k - a +2 mace
 r - a +1 short sword of venom (weapon)
Missiles
 m - a throwing net (quivered)
 n - 54 arrows
 w - 25 bolts
Armour
 b - a +0 robe
 c - a +1 hat (worn)
 l - a +0 ring mail
 o - a +0 leather armour (worn)
 p - a scarf of repulsion (worn)
Jewellery
 q - a ring of resist corrosion (left hand)
Scrolls
 s - a scroll of teleportation
 u - a scroll of immolation {unknown}
 v - a scroll of magic mapping
Potions
 d - a potion of attraction {unknown}
 h - 3 potions of might


   Skills:
 * Level 1.6 Fighting
 * Level 1.5(1.7) Short Blades
 - Level 1.0(1.4) Long Blades
 + Level 1.0(1.3) Slings
 * Level 1.2(1.4) Throwing
 + Level 1.4 Armour
 + Level 3.0 Dodging
 + Level 2.3 Stealth
 + Level 3.4 Spellcasting
 * Level 3.1 Conjurations
 + Level 2.3 Summonings
 + Level 1.2 Translocations
 + Level 0.3 Transmutations
 * Level 1.0 Fire Magic
 * Level 0.6 Poison Magic


You had 2 spell levels left.
You knew the following spells:

 Your Spells              Type           Power      Damage    Failure   Level
a - Magic Dart            Conj           52%        1d5       6%          1
b - Call Imp              Summ           10%        N/A       13%         2
c - Ignite Poison         Fire/Tmut/Pois 5%         N/A       45%         3
d - Beastly Appendage     Tmut           8%         N/A       19%         1
e - Wereblood             Tmut           4%         N/A       28%         2

Your spell library contained the following spells:

 Spells                   Type           Power      Damage    Failure   Level
 Blink                    Tloc           N/A        N/A       21%         2
 Slow                     Hex            2%         N/A       32%         2
 Conjure Flame            Conj/Fire      10%        6-21      28%         3
 Mephitic Cloud           Conj/Pois/Air  7%         N/A       36%         3
 Spider Form              Tmut/Pois      2%         N/A       50%         3
 Frozen Ramparts          Ice            4%         1d2       54%         3
 Sticky Flame             Conj/Fire      10%        2d3       67%         4
 Summon Ice Beast         Ice/Summ       6%         N/A       80%         4
 Ice Form                 Ice/Tmut       3%         N/A       90%         4


Dungeon Overview and Level Annotations

Branches:
Dungeon (5/15)
 Temple: D:4-7

Altars:
Gozag
Okawaru

Shops:
D:2 [


Innate Abilities, Weirdness & Mutations

You have a beak for a mouth.
You have claws for feet.
Your magical nature lets you fly swiftly and evasively.


Message History

The hound is lightly wounded.
The gnoll sergeant hits you from afar with a +0 spear!
Unknown command.
Throw: 3 javelins
Press: ? - help, Q - select action, (/) - cycle Shift-Dir - straight line, f/p - gnoll sergeant
Aim: a gnoll sergeant, wielding a +0 spear, wearing a +0 scale mail and wearing a +0 kite shield (almost dead, 68% to hit)
You throw a javelin.
The javelin barely misses the gnoll sergeant.
The javelin barely misses the gnoll.
The javelin pierces through the hound.
The hound is moderately wounded.
The javelin pierces through the ogre!
The ogre is almost dead.
The gnoll sergeant hits you from afar with a +0 spear.
The gnoll sergeant misses you.
Throw: 2 javelins
Press: ? - help, Q - select action, (/) - cycle Shift-Dir - straight line, f/p - gnoll sergeant
Aim: a gnoll sergeant, wielding a +0 spear, wearing a +0 scale mail and wearing a +0 kite shield (almost dead, 68% to hit)
You throw a javelin.
The javelin closely misses the gnoll sergeant.
The javelin closely misses the gnoll.
The javelin pierces through the hound.
The hound is moderately wounded.
The javelin pierces through the ogre.
The ogre is almost dead.
The gnoll sergeant hits you from afar with a +0 spear!
Throw: javelin
Press: ? - help, Q - select action, (/) - cycle Shift-Dir - straight line, f/p - gnoll sergeant
Aim: a gnoll sergeant, wielding a +0 spear, wearing a +0 scale mail and wearing a +0 kite shield (almost dead, 68% to hit)
You throw a javelin.
The javelin pierces through the gnoll sergeant.
The gnoll sergeant is almost dead.
The javelin barely misses the gnoll.
The javelin pierces through the hound.
The hound is moderately wounded.
The javelin pierces through the ogre!
You kill the ogre!
The gnoll sergeant hits you from afar with a +0 spear!
* * * LOW HITPOINT WARNING * * *
The gnoll sergeant hits you from afar with a +0 spear!
You die...
Your body crumbles into a pile of gold.

#.....##.#..##
##.##
#..(..O.g..## ###.
#..§§.##O##.## ###
8
#.§g..##.###.###.#
###h####.g§g..#.##
#g# #######5####
#g# #...§O.##
#.########.###g...
#@......##. ##.##
#..####.## ###
....# ####.# .. ..
## ... #### $


You could see a gnoll sergeant, a hound and 2 gnolls.

Vanquished Creatures
  A sky beast (D:5)
  An ogre (D:5)
  A scorpion (D:4)
  2 orc priests
  2 adders
  An adder skeleton (D:4)
  2 dart slugs
  8 orcs
  5 ball pythons (D:1)
  4 endoplasms
  A giant cockroach (D:1)
  8 hobgoblins
  A jackal (D:4)
  A quokka (D:1)
  9 bats
  2 frilled lizards (D:3)
  8 goblins
  5 kobolds
  5 rats
67 creatures vanquished.

Vanquished Creatures (collateral kills)
  A gnoll (D:5)
  2 adders
  A worm (D:3)
  An endoplasm (D:4)
  3 jackals (D:4)
8 creatures vanquished.

Grand Total: 75 creatures vanquished

Notes
Turn   | Place    | Note
-------+----------+-------------------------------------------
     0 | D:1      | tkbsonic5 the Tengu Hedge Wizard began the quest for the
                  | Orb.
     0 | D:1      | Reached XP level 1. HP: 10/10 MP: 5/5
   285 | D:1      | Reached XP level 2. HP: 15/15 MP: 1/7
   406 | D:1      | Found a faded altar of an unknown god.
   410 | D:1      | Became a worshipper of Gozag Ym Sagoz the Greedy
   579 | D:1      | Learned a level 2 spell: Call Imp
   582 | D:1      | Learned a level 2 spell: Blink
  1186 | D:1      | Reached skill level 1 in Translocations
  1294 | D:1      | Reached XP level 3. HP: 20/20 MP: 3/8
  2010 | D:2      | Learned a level 1 spell: Beastly Appendage
  2013 | D:2      | Learned a level 2 spell: Wereblood
  2238 | D:2      | Found Isexziav's Armour Emporium.
  2246 | D:2      | Bought a scarf of repulsion for 168 gold pieces
  2255 | D:2      | Reached skill level 1 in Armour
  2309 | D:2      | Reached skill level 1 in Fighting
  2309 | D:2      | Reached XP level 4. HP: 24/25 MP: 1/9
  2761 | D:3      | Reached skill level 1 in Long Blades
  3217 | D:3      | Reached skill level 1 in Throwing
  3815 | D:4      | Reached skill level 1 in Short Blades
  3815 | D:4      | Gained mutation: Your magical nature lets you fly swiftly
                  | and evasively. [Tengu growth]
  3815 | D:4      | Reached XP level 5. HP: 20/29 MP: 7/10
  3996 | D:4      | Learned a level 3 spell: Ignite Poison
  4196 | D:4      | Reached skill level 1 in Slings
  4196 | D:4      | Reached XP level 6. HP: 8/34 MP: 4/12
  4767 | D:5      | Entered Level 5 of the Dungeon
  4771 | D:5      | Noticed a sky beast
  4802 | D:5      | Killed a sky beast
  4803 | D:5      | Reached skill level 1 in Fire Magic
  5138 | D:5      | Found an iron altar of Okawaru.
  5200 | D:5      | Mangled by a gnoll sergeant

Illustrated notes

Levels and vault maps discovered:
D:1:      minmay_arrival_solitary_statue, layout_loops_cross,
          hellmonk_ecumenical_altar_heavens_door
D:2:      layout_rooms, serial_shops, nicolae_diamond_shop,
          chequers_serial_rivers_large_a
D:3:      layout_loops_cross, cheibrodos_sewer_entry_bend, minivault_14
D:4:      layout_cave_pools, hangedman_decor_lopped
D:5:      layout_loops_cross, grunt_temple_overflow_cloverleaf,
          serial_co_window_serial, co_window_corner_a, co_window_paths_b,
          co_window_of_opportunity_a, co_window_paths_a, co_window_corner_a,
          co_window_corner_b, co_window_unsneaky_path_e, co_window_broadway_b

Skill      XL: |  1  2  3  4  5  6 |
---------------+-------------------+-----
Translocations | 1 |  1.2
Conjurations   | 2 3 |  3.1
Armour         | 1 |  1.4
Fighting       | 1 |  1.6
Long Blades    | 1 |  1.0
Throwing       | 1 |  1.2
Short Blades   | 1 |  1.5
Summonings     | 2 |  2.3
Slings         | 1 |  1.0
Dodging        | 3 |  3.0
Fire Magic     | 1 |  1.0
Stealth        | |  2.3
Spellcasting   | |  3.4
Transmutations | |  0.3
Poison Magic   | |  0.6

Action                   |  1- 3 |  4- 6 || total
-------------------------+-------+-------++-------
Melee: Short sword       |     6 |    37 ||    43
       Dagger            |     1 |       ||     1
       Mace              |    23 |    13 ||    36
       Kick              |     6 |     7 ||    13
       Peck              |     1 |     4 ||     5
       Headbutt          |       |     2 ||     2
Throw: Javelin           |       |     5 ||     5
 Cast: Magic Dart        |    83 |    32 ||   115
       Call Imp          |     2 |    30 ||    32
       Beastly Appendage |       |     2 ||     2
  Use: Scroll            |     7 |     4 ||    11
       Potion            |       |     3 ||     3
 Stab: Sleeping          |       |     3 ||     3
Armor: Robe              |     6 |       ||     6
       Ring mail         |    24 |       ||    24
       Leather armour    |       |    16 ||    16
Dodge: Dodged            |    29 |    29 ||    58
